 Dungeon Crawl Stone Soup version 0.22-a0-469-gf26638a (webtiles) character file.

107 Mgcat the Chopper (level 4, -1/39 HPs)
             Began as a Minotaur Berserker on June 12, 2018.
             Was a Believer of Trog.
             Slain by Sigmund
             ... wielding a +2 scythe of venom
              (12 damage)
             ... on level 2 of the Dungeon.
             The game lasted 00:02:06 (1347 turns).

Mgcat the Chopper (Minotaur Berserker)              Turns: 1347, Time: 00:02:07

Health: -1/39      AC:  9    Str: 23    XL:     4   Next: 57%
Magic:  3/3        EV:  8    Int:  4    God:    Trog [**....]
Gold:   44         SH:  0    Dex:  9    Spells: 3/3 levels left

rFire    . . .     SeeInvis .   a - +0 hand axe
rCold    . . .     Gourm    .   (no shield)
rNeg     . . .     Faith    .   g - +0 chain mail
rPois    .         Spirit   .   (helmet restricted)
rElec    .         Reflect  .   i - +0 cloak
rCorr    .         Harm     .   (no gloves)
MR       .....                  (no boots)
Stlth    ..........             h - amulet of rage (curse) {+Rage, !d}
HPRegen  0.13/turn              (no ring)
MPRegen  0.08/turn              (no ring)

@: lethally poisoned (-1 -> -24), berserk cooldown, slowed, very slow
A: retaliatory headbutt, horns 2
a: Berserk, Trog's Hand, Renounce Religion, Evoke Berserk Rage


You were on level 2 of the Dungeon.
You worshipped Trog.
Trog was pleased with you.
You were very hungry.

You visited 1 branch of the dungeon, and saw 2 of its levels.

You collected 44 gold pieces.

Inventory:

Hand Weapons
 a - a +0 hand axe (weapon)
Armour
 g - a +0 chain mail (worn)
   (You found it on level 1 of the Dungeon)
 i - a +0 cloak (worn)
   (You found it on level 1 of the Dungeon)
Jewellery
 h - a cursed amulet of rage (around neck) {+Rage, !d}
   (You found it on level 1 of the Dungeon)
Wands
 d - a wand of acid (7)
   (You found it on level 2 of the Dungeon)
Scrolls
 e - a scroll of immolation {unknown}
 f - 2 scrolls of identify {unknown}
 l - a scroll of remove curse {unknown}
Potions
 b - a potion of invisibility {unknown}
 j - a potion of brilliance {unknown}
 k - a potion of lignification {unknown}
Comestibles
 c - 3 rations
 m - a chunk of flesh {@w0}


   Skills:
 - Level 3.6 Fighting
 + Level 6.5 Axes
 - Level 2.4 Armour
 - Level 2.1 Dodging


You had 3 spell levels left.
You didn't know any spells.
Your spell library was empty.

Dungeon Overview and Level Annotations

Branches:
Dungeon (2/15)

Altars:

Annotations:
D:2 Sigmund


Innate Abilities, Weirdness & Mutations

You reflexively headbutt those who attack you in melee.
You have a pair of horns on your head.


Message History

You closely miss the goblin. The goblin hits you but does no damage.
You slash the goblin!
You kill the goblin!
Trog accepts your kill. The rat bites you but does no damage.
You hit the rat.
You kill the rat!
Trog accepts your kill.
No target in view!
No target in view!
d - a wand of acid (7)
You butcher the goblin corpse.
m - 2 chunks of flesh {@w0} Eating one of 2 chunks of flesh {@w0}.
You eat one of the 2 chunks of flesh {@w0}.
This raw flesh tastes terrible.
The kobold is too close now for your liking.
You see here a rat corpse.
A goblin and a hobgoblin come into view.
The hobgoblin shouts!
The goblin shouts!
The kobold shouts!
You hear a shout! x2
You enter a teleport trap!
The teleport trap disappears.
Your surroundings suddenly seem different.
The gnoll shouts!
You hear a shout!
The gnoll shouts!
The gnoll shouts!
There is an open door here.
A red film seems to cover your vision as you go berserk!
You feel yourself moving faster!
You feel mighty!
You are feeling hungry.
The gnoll barely misses you.
You feel a strong urge to attack something.
Sigmund the Dreaded comes into view.
He is wielding a scythe of venom.
The gnoll hits you from afar with a spear.
The gnoll hits you with a halberd!
The gnoll hits you from afar with a spear.
You barely miss the gnoll.
You kill the gnoll!
Trog accepts your kill.
Your Axes skill increases to level 6!
You have reached level 4!
You feel stronger. The gnoll hits you but does no damage.
The gnoll barely misses you.
There is an open door here.
You see here a halberd.
You slash the gnoll!
The gnoll is severely wounded.
You slash the gnoll!
The gnoll hits you but does no damage. x2
The gnoll barely misses you.
You hit the gnoll.
You kill the gnoll!
Trog accepts your kill.
You slash the gnoll!
You kill the gnoll!
Trog accepts your kill.
Sigmund smiles chillingly.
The gnoll closely misses you. The worm bites you but does no damage.
You see here a spear.
You slash the gnoll!
The gnoll is heavily wounded.
You barely miss the worm. The gnoll hits you but does no damage.
Sigmund casts a spell.
Sigmund flickers and vanishes!
Deactivating autopickup; reactivate with Ctrl-A.
You closely miss the gnoll. You headbutt the gnoll.
The gnoll is almost dead.
You hit the worm. The gnoll hits you with a spear.
You hit the gnoll but do no damage.
The gnoll is almost dead.
You hit the worm. The worm bites you. The gnoll hits you but does no damage.
You hit the worm. Your headbutt misses the worm.
The worm is moderately wounded.
You slash the gnoll!
You kill the gnoll!
Trog accepts your kill.
You hear some strange, mumbled words.
Something tries to affect you, but you resist.
You slice the worm!!
You kill the worm!
Trog accepts your kill. Something hits you but does no damage.
You are poisoned.
You feel sick.
You completely miss something. You headbutt something.
You feel sick.
You miss something. Something hits you but does no damage.
You are more poisoned.
You miss something. Your headbutt misses something.
You are no longer berserk.
You are exhausted.
You feel yourself slow down.
You feel sick.
You hit something. Your headbutt misses something.
You are feeling very hungry.
You feel sick. Something hits you!
You are more poisoned.
You slash something!
* * * LOW HITPOINT WARNING * * *
You feel very sick. Something hits you!
You die...

#.. #####.#.. #
#.....#.#
#.#.#####.#
#.#<..###.#
#........)#########
#......###).......#
#....))).'.........
#....@)###.........
#....{.# #........[
#......# #.........
#......# #.........
#.)....# #.........
#......# #.........
#.###### #........
#.


There were no monsters in sight!

Vanquished Creatures
  7 gnolls (D:2)
  A worm (D:2)
  A dart slug (D:1)
  2 leopard geckos (D:1)
  A ball python (D:1)
  4 bats (D:1)
  3 giant cockroaches (D:1)
  4 goblins
  4 hobgoblins (D:1)
  2 frilled lizards (D:1)
  5 kobolds (D:1)
  3 rats
37 creatures vanquished.

Notes
Turn   | Place    | Note
-------+----------+-------------------------------------------
     0 | D:1      | Mgcat the Minotaur Berserker began the quest for the Orb.
     0 | D:1      | Reached XP level 1. HP: 19/19 MP: 0/0
    74 | D:1      | Reached skill level 4 in Axes
   141 | D:1      | Reached XP level 2. HP: 22/26 MP: 1/1
   351 | D:1      | Reached ** piety under Trog
   568 | D:1      | Reached skill level 5 in Axes
   707 | D:1      | Reached XP level 3. HP: 31/31 MP: 2/2
   978 | D:2      | HP: 4/31 [gnoll/spear (5)]
   986 | D:2      | HP: 1/31 [gnoll/spear (2)]
  1331 | D:2      | Noticed Sigmund
  1332 | D:2      | Reached skill level 6 in Axes
  1332 | D:2      | Reached XP level 4. HP: 39/39 MP: 3/3
  1347 | D:2      | Slain by Sigmund

Vault maps used:
D:1:      erik_arrival_triangle_large, minmay_misc_feat_x
D:2:      uniq_sigmund, uniq_robin

Skill      XL: |  1  2  3 |
---------------+----------+-----
Axes           | 4 5 6 |  6.5
Fighting       | |  3.6
Armour         | |  2.4
Dodging        | |  2.1

Action                   |  1- 3 |  4- 6 || total
-------------------------+-------+-------++-------
Melee: Hand axe          |    63 |    12 ||    75
       Headbutt          |    12 |     2 ||    14
Invok: Berserk           |     2 |       ||     2
  Eat: Chunk             |     2 |       ||     2
Armor: Chain mail        |    49 |     8 ||    57
Dodge: Dodged            |    45 |     3 ||    48

Table legend:
 A = Spawn XP
 B = Non-spawn XP
 C = Spawn XP percentage of total XP
 D = Spawn monster count
 E = Non-spawn monster count
 F = Spawn count percentage of total count
 G = Total turns spent on level
                    A         B        C        D         E        F      G
               +---------+---------+-------+---------+---------+-------+---------
         Total |       0 |     154 |   0.0 |       0 |      37 |   0.0 |  1347
               +---------+---------+-------+---------+---------+-------+---------
           D:1 |       0 |      46 |   0.0 |       0 |      27 |   0.0 |  1272
           D:2 |       0 |     108 |   0.0 |       0 |      10 |   0.0 |    75
               +---------+---------+-------+---------+---------+-------+---------

Vault maps used:
D:1:      erik_arrival_triangle_large, minmay_misc_feat_x
D:2:      uniq_sigmund, uniq_robin

Table legend:
 A = Turns spent in this place as a percentage of turns spent in the entire game.
 B = Non-inter-level travel turns spent in this place as a percentage of non-inter-level travel turns spent in the entire game.
 C = Inter-level travel turns spent in this place as a percentage of turns spent in this place.
 D = Turns resting spent in this place as a percentage of non-inter-level travel turns spent in this place.
 E = Turns spent auto-exploring this place as a percentage of non-inter-level travel turns spent in this place.
 F = Non-inter-level travel turns spent in this place divided by the number of levels of this place that you've seen.
                   A       B       C       D       E      F
               +-------+-------+-------+-------+-------+----------------------
         Total | 100.0 | 100.0 |   4.5 |  22.2 |  61.6 | 643.5
       Dungeon | 100.0 | 100.0 |   4.5 |  22.2 |  61.6 | 643.5
               +-------+-------+-------+-------+-------+----------------------

Table legend:
 A = Kills in this place as a percentage of kills in entire the game.
 B = Kills by you in this place as a percentage of kills by you in the entire game.
 C = Kills by friends in this place as a percentage of kills by friends in the entire game.
 D = Other kills in this place as a percentage of other kills in the entire game.
 E = Experience gained in this place as a percentage of experience gained in the entire game.
 F = Experience gained in this place divided by the number of levels of this place that you have seen.
                   A       B       C       D       E      F
               +-------+-------+-------+-------+-------+----------------------
         Total | 100.0 | 100.0 |   N/A |   N/A | 100.0 |  77.0
       Dungeon | 100.0 | 100.0 |   N/A |   N/A | 100.0 |  77.0
               +-------+-------+-------+-------+-------+----------------------
